 Dungeon Crawl Stone Soup version 0.18.1-50-g88ac8fd (webtiles) character file.

13348 magog001 the Blocker (level 11, 0/101 HPs)
             Began as a Minotaur Fighter on Dec 24, 2016.
             Slain by a yak (12 damage)
             ... on level 3 of the Lair of Beasts.
             The game lasted 01:12:01 (12884 turns).

magog001 the Blocker (Minotaur Fighter)            Turns: 12884, Time: 01:12:02

Health: 0/101      AC: 22    Str: 29    XL:     11   Next: 74%
Magic:  10/10      EV:  9    Int:  5    God:
Gold:   740        SH: 13    Dex:  7    Spells: 0 memorised, 10 levels left

rFire  + . .     SeeInvis .     F - +5 falchion of Rotation {freeze, rC+}
rCold  + . .     Gourm    .     R - +7 chain mail "Baps" {rF+ Dex-3 Stlth+}
rNeg   . . .     Faith    .     x - +0 shield
rPois  .         Spirit   .     (helmet restricted)
rElec  .         Dismiss  .     W - +0 cloak
rCorr  .         Reflect  .     (no gloves)
SustAt .         Harm     .     a - +0 pair of boots
MR     .....                    (no amulet)
Stlth  ..........               d - ring of stealth
                                Q - +5 ring of strength

@: not resistant to hostile enchantments, extremely unstealthy
A: retaliatory headbutt, horns 2
a: no special abilities


You were on level 3 of the Lair of Beasts.
You were not hungry.

You visited 2 branches of the dungeon, and saw 12 of its levels.
You also visited: Sewer.

You collected 740 gold pieces.

Inventory:

Hand Weapons
 b - a +0 dagger of speed
 c - a +0 trident of venom
 g - a +5 blowgun
 j - a +2 spear of venom
 z - a +2 war axe of chopping
 F - the +5 falchion of Rotation (weapon) {freeze, rC+}
   (You found it on level 8 of the Dungeon)

   It has been specially enchanted to freeze those struck by it, causing extra
   injury to most foes and up to half again as much damage against particularly
   susceptible opponents.
   It can also slow down cold-blooded creatures.
   It protects you from cold.
 K - a +0 greatsling
 T - the +6 dagger of Nump {pierce, rPois rF++ MR- Dex+3}
   (You found it on level 2 of the Lair of Beasts)

   It inflicts extra damage upon your enemies.
   It affects your dexterity (+3).
   It greatly protects you from fire.
   It protects you from poison.
   It affects your resistance to hostile enchantments.
Missiles
 y - 66 poisoned needles
 O - 4 throwing nets (quivered)
Armour
 a - a +0 pair of boots (worn)
 x - a +0 shield (worn)
 J - the +0 plate armour of the Hare {rC+ rN++ Str+2 Int-4}
   (You found it on level 8 of the Dungeon)

   It affects your strength (+2).
   It affects your intelligence (-4).
   It protects you from cold.
   It greatly protects you from negative energy.
 R - the +7 chain mail "Baps" (worn) {rF+ Dex-3 Stlth+}
   (You found it on level 2 of the Lair of Beasts)

   It affects your dexterity (-3).
   It protects you from fire.
   It makes you more stealthy.
 W - a +0 cloak (worn)
Jewellery
 d - a ring of stealth (right hand)
 m - an uncursed ring of poison resistance
 Q - a +5 ring of strength (left hand)
Wands
 v - a wand of confusion (18/48)
 w - a wand of lightning (1/15)
 D - a wand of iceblast (1/15)
 P - a wand of flame (29/48)
 S - a wand of slowing (17/48)
Scrolls
 h - 3 scrolls of remove curse
 u - a scroll of enchant armour {unknown}
 A - a scroll of magic mapping
 B - 3 scrolls of fear
 C - a scroll of blinking
 G - 2 scrolls of teleportation
 L - a scroll of fog
 V - a scroll of noise {unknown}
 X - a scroll of immolation {unknown}
Potions
 e - 3 potions of invisibility
 i - 4 potions of agility
 k - 5 potions of brilliance
 o - 2 potions of magic
 p - a potion of flight
 s - a potion of lignification {unknown}
 M - a potion of resistance {unknown}
 N - 2 potions of cure mutation {unknown}
Books
 n - a book of Misfortune

   Spells                             Type                      Level
   a - Confusing Touch                Hexes                        2
   b - Confuse                        Hexes                        3
   c - Gell's Gravitas                Hexes/Translocation          3
   d - Petrify                        Transmutation/Earth          4
   e - Metabolic Englaciation         Hexes/Ice                    5
   f - Yara's Violent Unravelling     Hexes/Transmutation          5
 E - a book of Debilitation

   Spells                             Type                      Level
   a - Corona                         Hexes                        1
   b - Slow                           Hexes                        2
   c - Gell's Gravitas                Hexes/Translocation          3
   d - Inner Flame                    Hexes/Fire                   3
   e - Cause Fear                     Hexes                        4
   f - Leda's Liquefaction            Hexes/Earth                  4
 H - a book of the Earth

   Spells                             Type                      Level
   a - Leda's Liquefaction            Hexes/Earth                  4
   b - Bolt of Magma                  Conjuration/Fire/Earth       5
   c - Statue Form                    Transmutation/Earth          6
   d - Iron Shot                      Conjuration/Earth            6
   e - Shatter                        Earth                        9
Comestibles
 f - 6 bread rations
 q - 6 meat rations
 r - 3 slices of pizza
 t - 12 royal jellies
 U - 3 beef jerkies


   Skills:
 * Level 10.7 Fighting
 * Level 6.2 Long Blades
 - Level 2.4 Axes
 + Level 2.0 Throwing
 * Level 13.1 Armour
 + Level 3.2 Dodging
 + Level 0.8 Stealth
 * Level 13.4 Shields
 + Level 0.3 Evocations


You had 10 spell levels left.
You didn't know any spells.

Dungeon Overview and Level Annotations

Branches:
Dungeon (9/15)             Temple (0/1) D:6            Lair (3/8) D:9
  Swamp: Lair:3-6    Shoals: Lair:3-6     Snake: Lair:3-6    Spider: Lair:3-6
    Orc: D:9-12

Altars:
Dithmenos
Elyvilon
Kikubaaqudgha
Makhleb
Qazlal
Ru
Trog
The Shining One

Annotations:
D:3 petervk's ghost, amateur DEFE


Innate Abilities, Weirdness & Mutations

You reflexively headbutt those who attack you in melee.
You have a pair of horns on your head.


Message History

The yak gores you but does no damage. x2; The yak gores you!
* * * LOW HITPOINT WARNING * * *
You turn to flesh and can move again.
You slash the yak! You freeze the yak!
The yak is heavily wounded.
You block the yak's attack. The yak barely misses you.
You block the yak's attack.
You slash the yak! You freeze the yak. Your headbutt misses the yak.
The yak is almost dead.
You block the yak's attack. x2; The yak gores you but does no damage.
You closely miss the yak. Your headbutt misses the yak.
The yak is almost dead.
The yak gores you but does no damage. x2; You block the yak's attack.
You slash the yak! You freeze the yak.
You kill the yak!
The yak gores you but does no damage. x2
You barely miss the yak. You headbutt the yak.
The yak is moderately wounded.
You block the yak's attack. The yak gores you!
You die...

***,,*#....#.....##....#**#+#* #.
#####.....#.........#####.####.
###.#.#....#*,#.P##...##.#P+.#[P.
...........####...#..............
.................................
...............................<.
......†..........................
.###.P.....####Y.Y)#....P.##..P.#
## ###.....P# ##@##......########
*****##....##*#...#.....##**,,*,*
*,,,,*#....#*P...###......*,,,**,
,,,,*#.....###...#*#....###,,,,,*
*,,,........##...##......**,,,,,,
***,##P.....#....##....,*,,,,,,*,
*******,,,,,##...#**,,,,,,,,,,***
,******,,,,,*##P##**,,,,,*,,,***,
,,,,,,,,,,,,* *****,,,,,***,,***,


You could see 2 yaks.

Vanquished Creatures
  The ghost of magog001 the Blocker, a journeyman MiFi of Nemelex Xobeh (Lair:2)
  Harold (Lair:3)
  A catoblepas (Lair:3)
  A deep elf mage (D:7)
  4 spiny frogs
  4 komodo dragons
  A queen bee (Lair:2)
  2 trolls (D:9)
  Prince Ribbit (D:9)
  3 blink frogs (Lair:3)
  The ghost of ololoev the Magician, an amateur DEEE (Sewer)
  A spriggan (D:8)
  Sigmund (D:3)
  6 yaks
  2 basilisks
  A hungry ghost (D:7)
  2 hippogriffs
  Menkaure (D:6)
  A water moccasin (Lair:1)
  A porcupine (Lair:2)
  2 orc warriors
  3 ice beasts
  A sky beast (D:6)
  A black bear (D:8)
  A necrophage (D:9)
  2 phantoms
  3 ogres
  3 centaurs
  A crocodile (D:8)
  4 big kobolds
  8 giant frogs
  A gnoll sergeant (D:8)
  2 scorpions
  A water moccasin skeleton (D:8)
  2 wyvern skeletons
  25 killer bees (Lair:2)
  A howler monkey (D:9)
  An electric eel (Lair:2)
  A giant frog zombie (D:6)
  2 crimson imps
  3 giant frog skeletons
  4 hounds
  2 orc priests
  2 jellies
  10 iguanas
  4 orc wizards
  2 worker ants (D:7)
  3 hound skeletons
  A howler monkey zombie (D:5)
  10 adders
  8 gnolls
  2 howler monkey skeletons
  7 river rats (Sewer)
  2 adder skeletons
  2 worms
  4 giant geckos
  14 orcs
  5 bats
  6 giant cockroaches
  3 goblins
  9 hobgoblins
  21 jackals
  4 quokkas
  9 ball pythons
  A giant cockroach zombie (D:5)
  3 giant newts
  A jackal skeleton (D:4)
  34 kobolds
  26 rats
  A plant (Lair:2)
304 creatures vanquished.

Vanquished Creatures (others)
  A ball python (Sewer)
  A fungus (Lair:2)
  A plant (Lair:2)
3 creatures vanquished.

Grand Total: 307 creatures vanquished

Notes
Turn   | Place    | Note
--------------------------------------------------------------
     0 | D:1      | magog001 the Minotaur Fighter began the quest for the Orb.
     0 | D:1      | Reached XP level 1. HP: 19/19 MP: 0/0
   160 | D:1      | Reached XP level 2. HP: 23/27 MP: 1/1
   644 | D:1      | Reached XP level 3. HP: 33/33 MP: 2/2
   832 | D:2      | Found an ancient bone altar of Kikubaaqudgha.
   835 | D:2      | Found a burning altar of Makhleb.
  1066 | D:2      | Found a white marble altar of Elyvilon.
  1095 | D:2      | Found a bloodstained altar of Trog.
  1139 | D:2      | Reached skill level 1 in Dodging
  1159 | D:2      | Found a shadowy altar of Dithmenos.
  1509 | D:3      | Noticed petervk's ghost (amateur DEFE)
  1921 | D:3      | Reached XP level 4. HP: 41/41 MP: 3/3
  2155 | D:3      | Noticed Sigmund
  2204 | D:3      | HP: 2/41 [something (8)]
  2723 | D:3      | Killed Sigmund
  2723 | D:3      | Reached skill level 5 in Armour
  2723 | D:3      | Reached skill level 5 in Shields
  2723 | D:3      | Reached XP level 5. HP: 43/47 MP: 4/4
  3166 | D:3      | Reached XP level 6. HP: 55/55 MP: 5/5
  3479 | D:4      | Reached skill level 5 in Fighting
  3789 | D:4      | Found a stormy altar of Qazlal.
  3830 | D:4      | Reached XP level 7. HP: 41/61 MP: 6/6
  3969 | D:5      | Entered Level 5 of the Dungeon
  3969 | D:5      | Found a sacrificial altar of Ru.
  4819 | D:6      | Reached XP level 8. HP: 64/71 MP: 7/7
  4857 | D:6      | Found a glowing drain.
  4881 | Sewer    | Entered a sewer
  4990 | Sewer    | Noticed ololoev's ghost (amateur DEEE)
  5013 | Sewer    | Killed ololoev's ghost
  5689 | D:6      | Noticed Menkaure
  5705 | D:6      | Killed Menkaure
  5872 | D:6      | Found a staircase to the Ecumenical Temple.
  6102 | D:6      | Reached XP level 9. HP: 79/81 MP: 8/8
  6208 | D:6      | Found a glowing golden altar of the Shining One.
  6337 | D:7      | Noticed a deep elf mage
  6358 | D:7      | Killed a deep elf mage
  6358 | D:7      | Reached skill level 10 in Shields
  7256 | D:8      | Reached skill level 10 in Armour
  7323 | D:8      | Got a fine falchion
  7324 | D:8      | Identified the +5 falchion of Rotation {freeze, rC+} (You found it on level 8 of the Dungeon)
  7606 | D:8      | Reached skill level 1 in Long Blades
  7949 | D:8      | Got a fine plate armour
  7960 | D:8      | Identified the cursed +0 plate armour of the Hare {rC+ rN++ Str+2 Int-4} (You found it on level 8 of the Dungeon)
  8052 | D:8      | Reached XP level 10. HP: 46/91 MP: 9/9
  9390 | D:9      | Noticed Prince Ribbit
  9463 | D:9      | Found a staircase to the Lair.
  9786 | D:9      | Killed Prince Ribbit
  9901 | Lair:1   | Entered Level 1 of the Lair of Beasts
 10406 | Lair:1   | Noticed a spiny frog
 10417 | Lair:1   | Killed a spiny frog
 10417 | Lair:1   | Reached skill level 1 in Throwing
 10555 | Lair:1   | Noticed a spiny frog
 10566 | Lair:1   | Killed a spiny frog
 10566 | Lair:1   | Reached skill level 10 in Fighting
 10727 | Lair:1   | Noticed a spiny frog
 10735 | Lair:1   | Killed a spiny frog
 10755 | Lair:1   | Reached XP level 11. HP: 31/99 MP: 10/10
 11044 | Lair:1   | You fall through a shaft!
 11181 | Lair:2   | Noticed magog001's ghost (journeyman MiFi)
 11227 | Lair:2   | Killed magog001's ghost
 11654 | Lair:2   | Reached skill level 5 in Long Blades
 12177 | Lair:2   | Got a polished dagger
 12229 | Lair:2   | Identified the +6 dagger of Nump {pierce, rPois rF++ MR- Dex+3} (You found it on level 2 of the Lair of Beasts)
 12285 | Lair:2   | Got a faintly glowing chain mail
 12312 | Lair:2   | Identified the +7 chain mail "Baps" {rF+ Dex-3 Stlth+} (You found it on level 2 of the Lair of Beasts)
 12540 | Lair:3   | Noticed Harold
 12555 | Lair:3   | Killed Harold
 12566 | Lair:3   | Noticed a six-headed hydra
 12820 | Lair:3   | Noticed a catoblepas
 12860 | Lair:3   | Killed a catoblepas
 12884 | Lair:3   | Slain by a yak

Skill      XL: |  1  2  3  4  5  6  7  8  9 10 11 |
---------------+----------------------------------+-----
Armour         | 4 5 6 8 9 10 12 13 | 13.1
Fighting       | 4 5 6 8 9 10 | 10.7
Dodging        | 1 2 3 |  3.2
Shields        | 4 5 6 7 9 11 12 13 | 13.4
Long Blades    | 2 4 6 |  6.2
Throwing       | 1 2 |  2.0
Axes           | |  2.4
Stealth        | |  0.8
Evocations     | |  0.3

Action                   |  1- 3 |  4- 6 |  7- 9 | 10-12 || total
-------------------------+-------+-------+-------+-------++-------
Melee: War axe           |   143 |   122 |   302 |       ||   567
       Headbutt          |    24 |    25 |    72 |    81 ||   202
       Falchion          |       |       |    60 |   366 ||   426
 Fire: Blowgun           |       |       |     4 |    21 ||    25
Evoke: Wand              |       |       |       |     6 ||     6
  Use: Scroll            |     2 |     6 |    14 |     8 ||    30
       Potion            |       |     1 |     9 |    12 ||    22
  Eat: Chunk             |     3 |     2 |     6 |     7 ||    18
       Bread ration      |       |     1 |     2 |     1 ||     4
       Meat ration       |       |       |     1 |       ||     1
       Fruit             |       |       |       |     2 ||     2
       Pizza             |       |       |       |     1 ||     1
       Beef jerky        |       |       |       |     1 ||     1
Armor: Scale mail        |    35 |       |       |       ||    35
       Plate armour      |    59 |    69 |   225 |   151 ||   504
       Chain mail        |       |       |       |    69 ||    69
Dodge: Dodged            |    37 |    27 |   112 |   134 ||   310
Block: Shield            |    79 |    61 |   241 |   285 ||   666
